Map: Para Site LE

Players

oliM - Winner!

  • Race: Protoss Protoss
  • League: Grandmaster
  • Spawn Location: 11:00

SKillkiCow

  • Race: Terran Terran
  • League: Master
  • Spawn Location: 5:00

VOD

Have the link to the VOD?

Description

Time

  • Played on: Dec. 14, 2018, 5:58 a.m.
  • Length: 9:31
Show
View Real Time Build Order
Export as new Build Order

oliM Protoss - Winner!

Build Orders: 1 Gate Expand, Colossus Rush 

Get SALT Encoding   

  12  0:01  Probe  
  13  0:13  Probe  
  14  0:19  Pylon  
  14  0:25  Probe  
  15  0:35  Probe  
  15  0:37  Gateway  
  16  0:43  Probe  
  16  0:48  Assimilator  
  17  0:52  Probe  
  18  1:04  Probe  
  19  1:16  Probe  
  20  1:27  Nexus  
  20  1:33  Cybernetics Core  
  20  1:35  Probe  
  21  1:43  Assimilator  
  21  1:47  Probe  
  22  1:57  Pylon  
  22  2:00  Probe  
  23  2:06  Adept  
  23  2:11  Warp Gate  
  23  2:15  Probe  
  26  2:24  Robotics Facility  
  26  2:25  Stalker  
  26  2:27  Probe  
  29  2:42  Probe  
  29  2:43  Probe  
  30  2:50  Probe  
  31  2:55  Probe  
  33  2:59  Probe  
  34  3:07  Probe  
  34  3:11  Probe  
  36  3:15  Robotics Bay  
  36  3:17  Warp Prism  
  36  3:19  Probe  
  39  3:23  Probe  
  40  3:31  Probe  
  41  3:34  Pylon  
  41  3:36  Probe  
  42  3:43  Probe  
  42  3:46  Colossus  
  41  3:48  Probe  
  41  3:52  Gateway  
  41  3:53  Gateway  
  41  3:55  Probe, Gravitic Drive  
  42  4:00  Probe  
  42  4:01  Assimilator  
  50  4:08  Probe  
  51  4:11  Assimilator  
  51  4:12  Probe  
  51  4:16  Pylon  
  52  4:20  Probe  
  52  4:23  Pylon  
  53  4:24  Probe  
  54  4:34  Observer, Shield Battery, Probe  
  55  4:44  Probe  
  57  4:46  Pylon  
  57  4:50  Stalker  
  57  4:51  Stalker  
  57  4:52  Extended Thermal Lance  
  61  4:56  Forge  
  61  4:59  Colossus  
  67  5:25  Probe  
  67  5:26  Probe  
  69  5:28  Twilight Council  
  69  5:36  Stalker x2  
  69  5:37  Probe  
  73  5:44  Nexus  
  73  5:45  Pylon  
  71  5:52  Colossus  
  71  5:55  Probe  
  66  5:57  Probe  
  66  6:01  Photon Cannon  
  73  6:07  Photon Cannon  
  73  6:10  Photon Cannon  
  73  6:14  Protoss Ground Weapons Level 1  
  73  6:16  Blink  
  73  6:28  Gateway  
  73  6:29  Gateway  
  73  6:36  Adept x2, Disruptor  
  73  6:39  Adept  
  79  6:40  Probe  
  79  6:42  Probe  
  84  6:50  Pylon  
  84  6:52  Probe  
  84  6:54  Probe  
  86  7:00  Probe  
  87  7:09  Probe  
  91  7:16  Stalker x3, Disruptor  
  95  7:27  Probe x2  
  94  7:30  Stalker x2  
  94  7:34  Pylon  
  94  7:35  Pylon  
  98  7:39  Pylon  
  98  7:43  Disruptor  
  98  7:44  Probe x2  
  99  7:47  Shield Battery  
  99  7:49  Photon Cannon, Assimilator  
  100  7:53  Assimilator  
  103  7:59  Stalker  
  103  8:00  Stalker x2  
  103  8:03  Probe  
  110  8:10  Disruptor  
  113  8:25  Stalker x4  
  113  8:26  Stalker  
  123  8:28  Probe  
  123  8:33  Probe  
  125  8:36  Probe, Disruptor  
  125  8:41  Probe  
  127  8:45  Probe  
  131  8:55  Adept  
  133  9:00  Dark Shrine  
  133  9:02  Pylon  
  133  9:04  Pylon  
  133  9:06  Photon Cannon  
  133  9:07  Pylon  
  131  9:20  Nexus  
  125  9:28  Stalker x3  
Show
View Real Time Build Order
Export as new Build Order

SKillkiCow Terran 

Build Orders: Reaper Expand, Banshee Rush 

Get SALT Encoding   

  12  0:01  SCV  
  13  0:13  SCV  
  14  0:17  Supply Depot  
  14  0:25  SCV  
  15  0:39  SCV  
  15  0:41  Barracks  
  16  0:46  Refinery  
  16  0:51  SCV  
  17  1:03  SCV  
  18  1:15  SCV  
  19  1:29  Orbital Command  
  19  1:30  Reaper  
  20  1:41  Command Center  
  20  1:49  Supply Depot  
  20  1:55  SCV  
  21  2:02  Marine  
  21  2:07  SCV  
  23  2:11  Factory  
  23  2:15  Refinery  
  23  2:19  Marine  
  23  2:20  SCV  
  25  2:32  SCV  
  26  2:44  SCV, Barracks Reactor  
  27  2:55  Orbital Command  
  27  2:56  Starport, SCV  
  27  2:58  Factory Tech Lab  
  28  3:08  SCV  
  29  3:20  Marine x2, SCV  
  29  3:24  Factory Tech Lab  
  29  3:25  SCV  
  33  3:32  SCV  
  34  3:35  Refinery  
  34  3:37  SCV  
  34  3:42  Marine  
  34  3:44  SCV  
  34  3:48  Siege Tank  
  39  3:52  SCV  
  39  3:53  Cloaking Field  
  39  3:54  Supply Depot  
  40  3:57  Bunker, SCV  
  40  4:00  Bunker, Banshee  
  46  4:04  SCV  
  46  4:07  Engineering Bay  
  46  4:09  SCV  
  46  4:15  Marine x2  
  46  4:16  Supply Depot  
  46  4:17  SCV  
  49  4:20  Siege Tank  
  49  4:23  SCV  
  53  4:29  SCV  
  54  4:38  Marine x2, SCV  
  57  4:40  Supply Depot  
  57  4:43  SCV, Barracks, Banshee  
  61  4:48  Supply Depot  
  61  4:53  Barracks  
  61  4:56  Marine  
  61  4:59  Factory Reactor  
  62  5:01  Marine  
  62  5:02  SCV x2  
  65  5:08  Refinery  
  65  5:12  Supply Depot, Terran Infantry Weapons Level 1  
  65  5:14  SCV x2  
  66  5:15  Supply Depot  
  66  5:18  Marine  
  67  5:25  Marine  
  67  5:26  SCV  
  69  5:30  SCV  
  65  5:36  Marine  
  65  5:38  SCV  
  67  5:43  Marine  
  67  5:46  SCV  
  67  5:48  Marauder  
  66  5:50  SCV  
  63  5:58  SCV  
  63  6:01  Stimpack  
  63  6:02  SCV  
  65  6:05  Starport Reactor  
  65  6:10  SCV  
  68  6:11  Marauder x2  
  68  6:14  SCV, Widow Mine  
  68  6:15  Widow Mine  
  75  6:21  Combat Shield  
  75  6:22  SCV  
  76  6:26  SCV  
  76  6:31  Marine x2  
  81  6:33  Marauder x2  
  85  6:40  Widow Mine x2  
  85  6:45  Supply Depot  
  87  6:47  Supply Depot  
  87  6:48  Medivac x2  
  87  6:52  Marine  
  87  6:53  Marine, SCV  
  94  7:07  SCV, Marauder  
  96  7:19  Marine, Marauder  
  96  7:21  Medivac x2, Widow Mine x2  
  107  7:30  Terran Infantry Armor Level 1, Command Center  
  107  7:32  Barracks  
  107  7:33  Barracks  
  104  7:45  Marine, Marauder  
  104  7:48  SCV  
  108  7:54  Viking x2  
  108  7:57  Marine  
  110  8:00  Widow Mine x2, Marauder  
  110  8:01  Concussive Shells, Supply Depot  
  111  8:22  SCV  
  111  8:23  Marine  
  111  8:25  Viking x2  
  123  8:27  Barracks Tech Lab, Widow Mine x2, Barracks Reactor  
  123  8:30  SCV  
  123  8:31  Armory  
  122  8:38  Marauder x2  
  126  8:49  Marine  
  126  8:54  Supply Depot  
  127  8:56  Marine  
  127  8:59  Marauder x2  
  132  9:03  Starport  
  132  9:07  Marine  
  112  9:18  SCV  
Tags
 
Add a new tag
Caveats
  • Supply blocks, unpowered buildings, or Contaminate may cause inaccurate times.
  • Supply counts are checked every 10 seconds.